Map: 트로피컬 새크리파이스

Players

Future

  • Race: Terran Terran
  • Spawn Location: 7:00

Ryung - Winner!

  • Race: Terran Terran
  • Spawn Location: 1:00

Event: DreamHack SC2 Masters 2022 Atlanta (Offline)

VOD

Have the link to the VOD?

Description

Time

  • Played on: Nov. 18, 2022, 3:46 p.m.
  • Length: 16:11

All games in this series

Show
View Real Time Build Order
Export as new Build Order

Future Terran 

Build Orders: Reaper Expand 

Get SALT Encoding   

  12  0:00  SCV  
  13  0:12  SCV  
  14  0:19  Supply Depot  
  14  0:24  SCV  
  15  0:40  SCV  
  15  0:42  Barracks  
  16  0:44  Refinery  
  16  0:52  SCV  
  17  1:04  SCV  
  18  1:17  SCV  
  19  1:29  Reaper, Orbital Command  
  19  1:30  Supply Depot  
  20  1:54  Command Center  
  20  1:55  SCV  
  20  2:00  Marine  
  22  2:07  SCV  
  23  2:09  Factory  
  23  2:18  Marine  
  23  2:19  SCV  
  23  2:20  Refinery  
  25  2:31  SCV  
  26  2:38  Marine  
  26  2:43  Bunker, SCV  
  27  2:52  Hellion  
  27  2:55  SCV, Starport  
  27  2:57  Barracks Reactor  
  30  3:07  SCV  
  30  3:08  Orbital Command  
  30  3:11  Refinery  
  31  3:14  Factory Tech Lab  
  31  3:19  SCV  
  32  3:31  SCV  
  32  3:32  Starport Tech Lab  
  33  3:37  Siege Tank  
  33  3:38  SCV  
  33  3:39  Supply Depot  
  33  3:41  Marine  
  37  3:42  Marine  
  37  3:43  SCV  
  40  3:50  SCV  
  40  3:52  Supply Depot  
  41  3:55  SCV  
  41  3:58  Raven  
  41  3:59  Marine x2  
  41  4:02  SCV  
  47  4:08  SCV  
  48  4:13  Siege Tank  
  48  4:14  SCV  
  48  4:16  Marine  
  52  4:17  Marine  
  52  4:20  SCV  
  52  4:23  Supply Depot  
  55  4:26  SCV  
  56  4:32  SCV, Refinery  
  58  4:38  SCV  
  58  4:44  SCV  
  58  4:45  Siege Tank  
  61  4:50  Supply Depot, SCV  
  62  4:54  Viking x2  
  62  4:55  Marine  
  62  4:56  SCV  
  62  4:58  Stimpack  
  68  5:03  SCV  
  68  5:06  Supply Depot, Refinery  
  69  5:08  SCV  
  69  5:13  Marine  
  71  5:15  SCV  
  71  5:17  Siege Tank  
  71  5:20  SCV  
  76  5:25  Viking  
  76  5:27  SCV  
  79  5:32  SCV  
  79  5:33  Supply Depot  
  79  5:35  Viking, Marine  
  82  5:40  SCV  
  81  5:44  SCV  
  81  5:49  Command Center, Siege Tank  
  85  5:52  SCV  
  85  5:56  SCV  
  87  5:57  Supply Depot  
  87  6:03  Viking  
  87  6:04  SCV  
  90  6:05  Viking  
  90  6:09  SCV  
  93  6:16  SCV  
  93  6:21  SCV  
  93  6:22  Barracks  
  93  6:23  Barracks  
  94  6:28  SCV  
  94  6:31  Siege Tank  
  95  6:33  SCV  
  94  6:40  SCV  
  94  6:45  SCV  
  96  6:48  Barracks x2  
  96  6:52  SCV  
  96  6:53  Marine  
  82  6:55  Viking  
  82  6:56  Viking  
  82  6:57  SCV  
  86  7:06  Engineering Bay x2  
  82  7:09  SCV  
  82  7:15  Siege Tank  
  83  7:16  SCV  
  83  7:21  SCV, Marine  
  86  7:23  Barracks Reactor  
  86  7:24  Barracks Reactor, Orbital Command  
  83  7:30  SCV  
  83  7:33  Medivac x2  
  83  7:35  Barracks Reactor x2  
  88  7:37  Refinery  
  88  7:38  Refinery  
  88  7:40  Sensor Tower  
  88  7:41  Terran Infantry Weapons Level 1  
  88  7:42  Terran Infantry Armor Level 1  
  88  7:52  Siege Tank  
  88  7:53  Marine  
  88  7:56  SCV  
  88  7:57  SCV x2  
  88  7:58  Supply Depot x2  
  95  7:59  Marine x2  
  95  8:00  Marine  
  95  8:01  Marine  
  99  8:09  Medivac x2  
  103  8:15  Marine x3  
  103  8:18  Combat Shield  
  103  8:19  Supply Depot x2, Marine  
  107  8:21  Marine  
  107  8:23  Marine  
  107  8:24  Supply Depot  
  107  8:25  Marine  
  110  8:27  Marine x2  
  110  8:33  Siege Tank, Marine x2  
  117  8:39  Viking  
  117  8:40  Viking  
  121  8:43  Marine  
  121  8:44  Marine  
  121  8:45  Marine x2  
  121  8:47  Marine  
  126  8:52  Marine  
  126  8:54  Marine  
  128  8:55  Marine  
  128  8:57  Marine  
  128  9:01  Marine  
  128  9:02  Armory, Marine  
  132  9:03  Supply Depot  
  132  9:05  Marine  
  133  9:10  Marine  
  133  9:11  Marine  
  133  9:12  Siege Tank  
  133  9:15  Marine x4  
  141  9:19  Marine  
  141  9:20  Marine  
  141  9:22  Viking x2  
  147  9:31  Command Center  
  147  9:38  Marine x4  
  151  9:39  Marine  
  151  9:40  Marine x3  
  151  9:44  Siege Tank, Marine  
  157  9:55  Marine  
  157  9:56  Supply Depot, Terran Vehicle Weapons Level 1  
  157  9:57  Supply Depot x2, Liberator  
  157  9:59  Liberator  
  164  10:12  Marine  
  165  10:17  Marine x5  
  165  10:18  Siege Tank, Marine  
  165  10:19  Factory  
  165  10:21  Barracks Reactor  
  172  10:24  Marine  
  153  10:30  Marine  
  153  10:35  Marine x5  
  141  10:36  Marine  
  141  10:40  Medivac  
  141  10:42  Marine  
  149  10:43  Medivac  
  152  10:50  Siege Tank  
  155  10:59  Marine x2  
  155  11:01  Marine x3  
  160  11:09  Command Center  
  163  11:11  Siege Tank  
  161  11:22  Siege Tank  
  161  11:24  Viking x2  
  163  11:26  Marine x2  
  163  11:28  Marine  
  166  11:38  Marine x7  
  173  11:43  Siege Tank  
  173  11:44  Marine  
  173  11:46  Marine  
  178  11:48  Planetary Fortress  
  178  11:51  Sensor Tower  
  178  11:53  Terran Infantry Weapons Level 2  
  181  11:54  Siege Tank  
  181  12:00  Marine  
  152  12:01  Marine  
  152  12:03  Marine  
  152  12:04  Marine  
  152  12:05  Marine  
  152  12:07  Marine x2  
  118  12:11  Viking x2  
  118  12:15  Siege Tank  
  124  12:17  Marine  
  124  12:21  Marine x5  
  124  12:22  Marine  
  131  12:26  Siege Tank, Orbital Command  
  134  12:30  Marine  
  134  12:35  Marine  
  134  12:36  Marine  
  134  12:37  Marine  
  128  12:39  Marine x6  
  132  12:47  Siege Tank, Marine  
  132  12:48  Liberator x2  
  142  12:53  Marine  
  142  12:54  Marine x2  
  142  12:57  Marine x2  
  147  13:01  Siege Tank  
  147  13:02  Marine  
  147  13:03  Marine  
  148  13:08  Marine  
  148  13:15  Marine  
  148  13:17  Marine  
  148  13:19  Siege Tank  
  141  13:32  Marine  
  141  13:33  Siege Tank, Orbital Command  
  131  13:35  Marine x9  
  116  13:50  Viking, Marine  
  116  13:52  Viking  
  116  13:53  Marine x3  
  124  13:56  Marine x3  
  124  13:57  Marine  
  124  13:59  Marine  
  124  14:02  Marine  
  130  14:08  Marine  
  123  14:11  Marine x3  
  123  14:14  Marine x3  
  123  14:15  Marine  
  130  14:17  Marine  
  130  14:19  Siege Tank  
  134  14:25  Siege Tank  
  134  14:29  Marine  
  135  14:32  Marine x2  
  135  14:34  Marine x3  
  135  14:36  Medivac x2  
  141  14:45  Marine  
  141  14:46  Marine x2  
  141  14:47  Marine x2  
  141  14:50  Marine x2  
  141  14:52  Siege Tank, Marine  
  152  14:58  Marine x2  
  154  15:03  Marine x2  
  154  15:04  Marine x2  
  154  15:05  Marine  
  155  15:08  Marine x2  
  155  15:09  Marine  
  155  15:12  Siege Tank  
  161  15:16  Marine x2  
  158  15:21  Marine x2  
  158  15:22  Marine x3  
  158  15:25  Marine  
  158  15:26  Marine  
  158  15:27  Marine  
  156  15:34  Marine x2  
  140  15:39  Marine x3  
  140  15:40  Marine x2  
  139  15:43  Marine  
  139  15:44  Marine  
  139  15:45  Marine  
  145  15:51  Marine  
  145  15:52  Marine  
Show
View Real Time Build Order
Export as new Build Order

Ryung Terran - Winner!

Build Orders:  

Get SALT Encoding   

  12  0:00  SCV  
  13  0:12  SCV  
  14  0:17  Supply Depot  
  14  0:24  SCV  
  15  0:39  SCV  
  15  0:40  Barracks  
  16  0:44  Refinery  
  16  0:51  SCV  
  16  0:54  Refinery  
  17  1:03  SCV  
  18  1:15  SCV  
  19  1:27  Reaper, Orbital Command  
  19  1:32  Supply Depot  
  20  1:44  Factory  
  20  1:53  SCV  
  21  1:59  Reaper  
  22  2:05  SCV  
  23  2:17  SCV  
  24  2:24  Command Center  
  24  2:29  Hellion  
  26  2:33  Barracks Reactor  
  26  2:35  SCV  
  27  2:43  Supply Depot  
  27  2:47  SCV  
  27  2:50  Widow Mine  
  30  2:55  Starport  
  30  2:59  SCV  
  31  3:10  Marine x2  
  31  3:11  SCV  
  31  3:12  Factory Tech Lab  
  34  3:23  SCV  
  35  3:31  Medivac  
  37  3:34  Refinery  
  37  3:35  SCV, Orbital Command  
  37  3:38  Marine  
  37  3:39  Marine  
  40  3:45  Cyclone  
  40  3:48  SCV  
  44  3:55  Marine  
  44  3:56  Marine  
  44  4:01  SCV x2, Starport Tech Lab  
  48  4:06  Supply Depot  
  48  4:13  SCV x2  
  50  4:19  Raven  
  50  4:21  Marine x2  
  54  4:28  Supply Depot, SCV, Siege Tank  
  54  4:30  SCV  
  58  4:40  SCV  
  58  4:42  SCV  
  62  4:48  Supply Depot  
  60  4:53  SCV  
  60  4:54  SCV  
  60  4:59  Command Center  
  62  5:02  Raven  
  62  5:03  Siege Tank  
  62  5:05  SCV  
  62  5:06  SCV  
  69  5:11  Supply Depot  
  69  5:15  Refinery  
  69  5:17  SCV  
  69  5:19  SCV  
  70  5:29  SCV  
  70  5:31  SCV  
  72  5:37  Siege Tank  
  72  5:41  SCV  
  74  5:43  SCV  
  75  5:53  SCV, Viking x2  
  75  5:54  Stimpack, Marine  
  75  5:55  Supply Depot, SCV  
  82  6:05  SCV  
  82  6:07  SCV  
  84  6:14  Supply Depot  
  84  6:15  Barracks  
  84  6:16  Barracks  
  84  6:17  SCV, Siege Tank  
  88  6:19  SCV  
  88  6:23  Viking x2  
  93  6:29  SCV  
  93  6:30  Engineering Bay  
  93  6:31  Engineering Bay, SCV  
  96  6:38  Marine  
  90  6:41  SCV  
  90  6:42  Orbital Command  
  90  6:49  Siege Tank  
  90  6:52  SCV  
  90  6:54  SCV, Viking x2  
  86  6:56  Marine  
  89  7:04  SCV  
  89  7:07  Barracks Reactor  
  89  7:08  Barracks Reactor, SCV x2  
  87  7:16  SCV  
  87  7:17  Supply Depot, Terran Infantry Weapons Level 1  
  87  7:20  SCV  
  87  7:21  Siege Tank  
  92  7:24  Terran Infantry Armor Level 1  
  93  7:30  SCV x2  
  93  7:32  Marine  
  93  7:34  Barracks  
  95  7:38  Barracks  
  95  7:40  SCV  
  95  7:42  SCV x2  
  95  7:43  Combat Shield  
  98  7:45  Marine x2  
  98  7:50  Medivac  
  102  7:53  Medivac  
  104  7:59  Refinery x2, Marine x2  
  104  8:00  Marine  
  104  8:03  Marine  
  104  8:04  Siege Tank  
  111  8:07  Marine  
  111  8:12  SCV x3  
  115  8:17  Marine x2  
  115  8:19  Supply Depot  
  117  8:20  Supply Depot, Marine  
  117  8:24  SCV x3  
  117  8:26  Barracks Reactor x2  
  121  8:31  Command Center  
  121  8:32  Medivac x2  
  125  8:43  Armory  
  125  8:47  Marine x5  
  125  8:48  Supply Depot  
  130  8:50  Siege Tank  
  133  9:02  Factory  
  133  9:03  Supply Depot x2  
  133  9:04  Supply Depot, Marine  
  133  9:05  Marine x3  
  133  9:06  Supply Depot, Marine x3  
  133  9:09  Marine  
  142  9:18  Sensor Tower  
  142  9:22  Medivac, Marine x3  
  142  9:23  Medivac, Marine  
  149  9:24  Marine x3  
  149  9:29  Supply Depot  
  149  9:30  Supply Depot  
  151  9:32  Terran Infantry Weapons Level 2  
  151  9:33  Terran Infantry Armor Level 2  
  151  9:36  Barracks Reactor  
  151  9:37  Marine  
  151  9:40  Marine x4  
  151  9:42  Marine x3  
  151  9:45  Command Center  
  157  9:55  Viking, Marine  
  157  9:58  Marine x4  
  164  10:00  Marine x3  
  164  10:02  Siege Tank  
  170  10:11  Terran Vehicle Weapons Level 1  
  170  10:12  Marine  
  170  10:16  Marine x4  
  170  10:17  Marine x2  
  170  10:18  Marine  
  177  10:27  Marine x2  
  157  10:30  Viking x2, Marine  
  157  10:33  Marine  
  157  10:34  Marine x4  
  157  10:35  Siege Tank, Marine x2  
  152  10:38  Siege Tank  
  157  10:45  Marine x2  
  157  10:48  Marine  
  160  10:51  Marine  
  160  10:52  Marine x4  
  160  10:53  Marine  
  164  10:58  Marine  
  164  11:00  Viking x2  
  164  11:03  Marine x2  
  171  11:06  Marine  
  159  11:19  Marine x4  
  159  11:20  Marine x2  
  159  11:22  Siege Tank x2  
  159  11:23  Marine x2  
  159  11:25  Marine x2  
  170  11:34  Viking  
  170  11:35  Viking, Planetary Fortress  
  170  11:37  Marine x4  
  175  11:46  Marine x4  
  178  11:52  Terran Infantry Weapons Level 3  
  178  11:55  Starport x2, Marine x2  
  178  12:00  Marine  
  178  12:01  Marine x3  
  176  12:03  Marine x2  
  176  12:04  Marine x2  
  155  12:09  Medivac  
  155  12:13  Marine x2  
  154  12:18  Terran Infantry Armor Level 3, Marine x3  
  157  12:23  Siege Tank  
  157  12:25  Siege Tank  
  163  12:36  Marine x4  
  161  12:40  Marine  
  161  12:41  Marine x2  
  161  12:43  Marine x3  
  150  12:46  Starport Tech Lab x2  
  150  12:47  Orbital Command  
  150  12:53  Marine x2  
  150  12:54  Marine x2  
  150  12:55  Siege Tank  
  150  12:58  Marine  
  158  12:59  Marine x2  
  158  13:01  Marine x3  
  161  13:10  Raven  
  161  13:11  Raven, Marine x4  
  169  13:16  Marine  
  169  13:17  Marine x2  
  169  13:18  Marine  
  169  13:19  Marine x2  
  175  13:21  Sensor Tower  
  175  13:29  Marine x4  
  175  13:33  Marine  
  176  13:35  Marine x2  
  176  13:36  Marine x2  
  176  13:37  Marine  
  176  13:38  Siege Tank x2  
  174  13:47  Marine x4  
  178  13:51  Marine  
  178  13:54  Command Center  
  179  13:56  Corvid Reactor  
  179  13:57  Raven x2  
  179  14:02  Refinery  
  182  14:11  Refinery  
  182  14:12  Viking x2  
  182  14:13  Siege Tank  
  182  14:14  Siege Tank  
  189  14:31  Marine x2  
  188  14:41  Marine x6  
  188  14:43  Marine  
  188  14:44  Marine  
  185  14:46  Raven x2  
  185  14:48  Marine  
  185  14:49  Marine  
  190  14:59  Marine x4  
  194  15:08  Starport  
  194  15:09  Starport  
  194  15:14  Siege Tank  
  194  15:15  Siege Tank  
  193  15:33  Marine x8  
  193  15:35  Marine x2  
  177  15:47  Starport Tech Lab  
  177  15:48  Starport Reactor  
  180  15:51  Marine x6  
Tags
 
Add a new tag
Caveats
  • Supply blocks, unpowered buildings, or Contaminate may cause inaccurate times.
  • Supply counts are checked every 10 seconds.